 Dungeon Crawl Stone Soup version 0.26-a0-519-gb2f46efeda (webtiles) character file.

Game seed: 14776705008302254804

18 BeastOfSaturn the Magician (level 2, 0/19 HPs)
             Began as a Demonspawn Hedge Wizard on Aug 11, 2020.
             Slain by a jackal zombie (2 damage)
             ... on level 2 of the Dungeon.
             The game lasted 00:03:47 (1157 turns).

BeastOfSaturn the Magician (DsWz)                   Turns: 1157, Time: 00:03:48

Health: 0/19       AC:  2    Str: 10    XL:     2   Next: 48%
Magic:  1/6        EV: 12    Int: 15    God:
Gold:   72         SH:  0    Dex: 12    Spells: 5/8 levels left

rFire    . . .     SeeInvis .   a - +0 dagger
rCold    . . .     Faith    .   (no shield)
rNeg     . . .     Spirit   .   b - +0 robe
rPois    .         Reflect  .   c - +0 hat
rElec    .         Harm     .   (no cloak)
rCorr    .                      (no gloves)
MR       .....                  (no boots)
Stlth    ++........             (no amulet)
HPRegen  0.06/turn              (no ring)
MPRegen  0.10/turn              (no ring)

@: lethally poisoned (0 -> -3), very slightly contaminated, invisible
A: powered by pain 1
a: no special abilities


You were on level 2 of the Dungeon.
You visited 1 branch of the dungeon, and saw 2 of its levels.

You collected 72 gold pieces.

Inventory:

Hand Weapons
 a - a +0 dagger (weapon)
Armour
 b - a +0 robe (worn)
 c - a +0 hat (worn)
Scrolls
 d - 2 scrolls of identify {unknown}
 e - a scroll of fear {unknown}
 f - a scroll of enchant weapon {unknown}
 g - a scroll of fog {unknown}
 j - a scroll of enchant armour {unknown}
 k - a scroll of immolation {unknown}


   Skills:
 - Level 2.0 Dodging
 - Level 1.7 Stealth
 * Level 3.5 Spellcasting
 * Level 1.2 Conjurations
   Level 1.0 Summonings
 * Level 0.9 Translocations


You had 5 spell levels left.
You knew the following spells:

 Your Spells              Type           Power        Failure   Level
a - Magic Dart            Conj           #...         12%         1
b - Blink                 Tloc           N/A          21%         2

Your spell library contained the following spells:

 Spells                   Type           Power        Failure   Level
 Call Imp                 Summ           #.......     19%         2
 Slow                     Hex            #.......     28%         2
 Conjure Flame            Conj/Fire      #.......     41%         3
 Mephitic Cloud           Conj/Pois/Air  #.......     43%         3


Dungeon Overview and Level Annotations

Branches:
Dungeon (2/15)

Altars:


Innate Abilities, Weirdness & Mutations

You sometimes gain a little power by taking damage.


Message History

* * * LOW HITPOINT WARNING * * *
You feel sick.
* * * LOW HITPOINT WARNING * * *
You feel sick. The jackal zombie bites you.
* * * LOW HITPOINT WARNING * * *
You aren't carrying any potions.
You hit the jackal zombie but do no damage.
The jackal zombie closely misses you.
You barely miss the jackal zombie. The jackal zombie closely misses you.
You hit the jackal zombie.
The jackal zombie is moderately damaged.
The jackal zombie closely misses you.
You hit the jackal zombie.
The jackal zombie is moderately damaged.
* * * LOW HITPOINT WARNING * * *
You feel sick. The jackal zombie barely misses you.
You hit the jackal zombie.
The jackal zombie is heavily damaged.
The jackal zombie bites you.
You die...

.. # ...... ...#.#
#.#.#
###...######+##
........)....... #.
#...@# ... ##.###.
#...Z# ...
.......###...####.##
#.............#
#.###......†..# #.
##+#......### #.
#.#......... #.
#.#......... #.
#...........


You could see a jackal zombie (wandering).

Vanquished Creatures
  A dart slug (D:2)
  A giant cockroach (D:1)
  3 hobgoblins
  3 kobolds (D:1)
  2 bats (D:1)
  4 goblins
  2 rats (D:1)
16 creatures vanquished.

Notes
Turn   | Place    | Note
-------+----------+-------------------------------------------
     0 | D:1      | BeastOfSaturn the Demonspawn Hedge Wizard began the quest
                  | for the Orb.
     0 | D:1      | Reached XP level 1. HP: 13/13 MP: 4/4
   430 | D:1      | Gained mutation: You sometimes gain a little power by
                  | taking damage. [demonic ancestry]
   430 | D:1      | Reached XP level 2. HP: 16/19 MP: 1/6
   484 | D:1      | Learned a level 2 spell: Blink
  1157 | D:2      | Slain by a jackal zombie

Illustrated notes

Levels and vault maps discovered:
D:1:      lemuel_arrival_hallway, layout_loops_ring, minmay_tree_intersection,
          minmay_quantized
D:2:      layout_basic, serial_undead, serial_undead_e, serial_undead_a,
          serial_undead_e, serial_undead_a, serial_undead_c, serial_undead_b,
          serial_undead_c

Skill      XL: |  1  2 |
---------------+-------+-----
Dodging        | 2 |  2.0
Stealth        | |  1.7
Spellcasting   | |  3.5
Conjurations   | |  1.2
Summonings     | |  1.0
Translocations | |  0.9

Action                   || total
-------------------------++-------
Melee: Dagger            ||    26
 Cast: Magic Dart        ||    40
  Use: Potion            ||     2
Armor: Robe              ||     4
Dodge: Dodged            ||    24

Table legend: (Time is in decaauts)
 A = Elapsed time spent in this place.
 B = Non-inter-level travel time spent in this place.
 C = Inter-level travel time spent in this place.
 D = Time resting spent in this place.
 E = Time spent auto-exploring this place.
 F = Levels seen in this place.
 G = Mean time per level.
                   A        B        C        D        E       F      G
               +--------+--------+--------+--------+--------+-----+--------+
         Total |   1156 |   1132 |     24 |      0 |   1020 |   2 |  578.0 |
       Dungeon |   1156 |   1132 |     24 |      0 |   1020 |   2 |  578.0 |
               +--------+--------+--------+--------+--------+-----+--------+

Top non-repeatable levels by time:
     D:1: 905 daAuts
     D:2: 251 daAuts
